 Dungeon Crawl Stone Soup version 0.31.0-11-ge490571c62 (webtiles) character file.

Game seed: 16049540564355621159

397 Killerpretzel the Changeling (level 6, -5/42 HPs)
             Began as an Octopode Shapeshifter on Feb 10, 2024.
             Was an Initiate of Vehumet.
             Slain by an orc priest
             ... wielding a +0 mace
              (6 damage)
             ... on level 5 of the Dungeon.
             The game lasted 00:14:02 (4536 turns).

Killerpretzel the Changeling (OpSh)                 Turns: 4536, Time: 00:14:03

Health: -5/42      AC:  1    Str: 13    XL:     6   Next: 83%
Magic:  0/6        EV: 14    Int: 13    God:    Vehumet [......]
Gold:   243        SH:  0    Dex: 13    Spells: 5/5 levels left

rFire   + . .        j - +6 spear "Demonslayer" {flame, rElec rPois}
rCold   . . .        (no shield)
rNeg    . . .        (helmet currently unavailable)
rPois   +            d - amulet of guardian spirit
rElec   +            r - ring of protection from fire
rCorr   .            (no ring)
SInv    .            (no ring)
Will    .....        (no ring)
Stlth   ++           (no ring)
HPRegen 0.27/turn    (no ring)
MPRegen 0.10/turn    (no ring)
                     (no ring)

%: guardian spirit
@: beast-form
A: beast (slay +2), almost no armour, amphibious, 8 rings, camouflage 1,
gelatinous body 1, (nimble swimmer 1), tentacles
a: Begin Untransformation, Renounce Religion


You were on level 5 of the Dungeon.
You worshipped Vehumet.
Vehumet was noncommittal.
You were a hulking beast.
You visited 2 branches of the dungeon, and saw 6 of its levels.

You collected 243 gold pieces.

Inventory:

Hand Weapons
 j - the +6 spear "Demonslayer" (weapon) {flame, rElec rPois}
   (You found it on level 2 of the Dungeon)

   rElec:     It insulates you from electricity.
   rPois:     It protects you from poison
Missiles
 e - a throwing net (quivered)
 t - a boomerang
Jewellery
 d - an amulet of guardian spirit (around mantle)
 r - a ring of protection from fire (left tentacle)
Talismans
 b - a beast talisman
 c - a flux talisman
Wands
 o - a wand of roots (6)
 p - a wand of mindburst (11)
Scrolls
 f - a scroll of revelation {unknown}
 n - a scroll of poison {unknown}
 q - 4 scrolls of immolation {unknown}
 s - a scroll of identify {unknown}
 v - a scroll of silence {unknown}
Potions
 a - a potion of lignification
 g - 2 potions of curing {unknown}
 h - a potion of enlightenment {unknown}
 i - a potion of haste {unknown}
 k - 2 potions of heal wounds {unknown}
 l - a potion of might {unknown}
 m - a potion of attraction {unknown}
 u - a potion of brilliance {unknown}


   Skills:
 + Level 3.1 Fighting
 + Level 3.6 Dodging
 + Level 4.1 Unarmed Combat
 * Level 4.9 Shapeshifting


You had 5 spell levels left.
You didn't know any spells.
Your spell library contained the following spells:

 Spells                   Type           Power      Damage    Failure   Level
 Freeze                   Ice            0%         1d3       30%         1
 Frozen Ramparts          Ice            0%         1d1       67%         3
 Hailstorm                Conj/Ice       0%         3d5       67%         3
 Summon Ice Beast         Ice/Summ       0%         N/A       67%         3
 Sculpt Simulacrum        Ice/Alch       0%         N/A       100%        6


Dungeon Overview and Level Annotations

Branches:
Dungeon (5/15)             Temple (1/1) D:5

Altars:
Ashenzari
Cheibriados
Fedhas
Gozag
Hepliaklqana
Kikubaaqudgha
Makhleb
Nemelex Xobeh
Okawaru
Qazlal
Ru
Sif Muna
Trog
Uskayaw
Vehumet
Wu Jian
Xom
Yredelemnul
Zin
The Shining One

Shops:
D:1 =

Annotations:
D:3 1 runed translucent door, exclusion: door, engelados's ghost, amateur DECj


Innate Abilities, Weirdness & Mutations

You are a hulking beast.
Your limbs bulge with bestial killing power. (Slay +2)
You cannot wear most types of armour.
You are amphibious.
You can wear up to eight rings at the same time.
Your skin changes colour to match your surroundings (Stealth+).
Your rubbery body absorbs attacks. (AC +1, EV +1)
((You are camouflaged when in or above water. (Stealth+)))
You have tentacles for arms and can constrict up to eight enemies at once.


Message History

An orc comes into view. It is wielding a +0 short sword.
You are too injured to fight recklessly!
You are too injured to fight recklessly!
You are too injured to fight recklessly!
You are too injured to fight recklessly!
You are too injured to fight recklessly!
You are too injured to fight recklessly!
You are too injured to fight recklessly!
You are too injured to fight recklessly!
You are too injured to fight recklessly!
There are monsters nearby!
The hound attacks as it pursues you! The hound closely misses you.
The hound misses you.
You hit the hound. You burn the hound. Your grab misses the hound.
The hound is heavily wounded.
The hound bites you. x2
The orc shouts!
You puncture the hound! You burn the hound.
You kill the hound!
Vehumet accepts your kill.
You hear an angry hiss.
The orc priest invokes the aid of Beogh against you.
Beogh smites you!
You hit the orc wizard. You burn the orc wizard. You grab the orc wizard.
The orc wizard is moderately wounded.
You constrict the orc wizard.
The orc wizard hits you with a +0 dagger.
* * * LOW HITPOINT WARNING * * *
You hit the orc wizard. You burn the orc wizard.
The orc wizard is severely wounded.
You constrict the orc wizard. The orc wizard barely misses you. x2
You hit the orc wizard. You burn the orc wizard.
You kill the orc wizard!
Vehumet accepts your kill.
The orc priest invokes the aid of Beogh against you.
Beogh smites you!
* * * LOW HITPOINT WARNING * * *
An orc comes into view. It is wielding a +0 flail.
The orc priest hits you with a +0 mace.
You die...

#.#######
#............
####.......#
#............
#..........#
#############
#.##.......###
#...#####....#
###.# #.##.#
#.#####.##.#
#.......##.# #.#
##########h###....#
........o....#
........>.o..#
...........o.#
##########...#
..... ...... .o...
......o #


You could see an orc priest, an orc wizard and 2 orcs.

Vanquished Creatures
  A bombardier beetle (D:3)
  2 hounds
  2 orc wizards
  Robin (D:2)
  4 gnolls (D:4)
  8 adders
  2 dart slugs
  A ribbon worm (D:2)
  9 orcs
  6 bats
  An endoplasm (D:2)
  4 giant cockroaches
  19 goblins
  15 hobgoblins
  7 jackals
  5 quokkas
  11 ball pythons
  10 frilled lizards
  7 kobolds
  4 rats
119 creatures vanquished.

Notes
Turn   | Place    | Note
-------+----------+-------------------------------------------
     0 | D:1      | Killerpretzel the Octopode Shapeshifter began the quest for
                  | the Orb.
     0 | D:1      | Reached XP level 1. HP: 13/13 MP: 1/1
   148 | D:1      | Reached XP level 2. HP: 18/18 MP: 2/2
   839 | D:1      | Reached XP level 3. HP: 23/23 MP: 3/3
   935 | D:1      | Found Guthutas's Jewellery Shop.
  1239 | D:2      | Noticed Robin
  1367 | D:2      | Identified the +6 spear "Demonslayer" {flame, rElec rPois}
  1419 | D:2      | Reached XP level 4. HP: 16/29 MP: 0/4
  1710 | D:2      | Reached XP level 5. HP: 34/34 MP: 3/5
  1900 | D:2      | Killed Robin
  2494 | D:3      | Found a faded altar of an unknown god.
  2511 | D:3      | Found a basalt altar of Yredelemnul.
  2643 | D:3      | Found a runed translucent door.
  2656 | D:3      | Noticed engelados's ghost (amateur DECj)
  2679 | D:3      | Found a radiant altar of Vehumet.
  2680 | D:3      | Found a hide-covered altar of Uskayaw.
  2760 | D:3      | Became a worshipper of Vehumet
  3037 | D:3      | Reached XP level 6. HP: 40/41 MP: 4/6
  3762 | D:4      | Found a bloodstained altar of Trog.
  3799 | D:4      | Found a sparkling altar of Nemelex Xobeh.
  4038 | D:5      | Entered Level 5 of the Dungeon
  4204 | D:5      | Found a staircase to the Ecumenical Temple.
  4214 | Temple   | Entered the Ecumenical Temple
  4247 | D:5      | Found a sacrificial altar of Ru.
  4535 | D:5      | HP: 1/42 [orc priest/divine providence (10)]
  4536 | D:5      | Slain by an orc priest

Illustrated notes

Levels and vault maps discovered:
D:1:      denvon_arrival_waterhouse, layout_loops_corners, serial_shops,
          nicolae_shop_competitors_out_of_business, minmay_misc_feat_cross
D:2:      layout_loops_corners, corexii_shack, minmay_pentomino_p4, uniq_robin
D:3:      layout_basic, lemuel_crystal_altar, minitemple,
          basic_ecumenical_altar, ebering_ghost_reflecting_pool
D:4:      layout_cave_pools, overflow_temple_1_default,
          mainiacjoe_overflow_surrounded_room
D:5:      layout_basic, nicolae_ru_the_path_less_chosen,
          nicolae_elyvilon_peaceful_grove, minmay_temple_entry_slanted,
          minmay_misc_feat_five, minmay_bent
Temple:   nicolae_temple_two_arcs

Skill      XL: |  1  2  3  4  5  6 |
---------------+-------------------+-----
Fighting       | 2 3 |  3.1
Shapeshifting  | 4 |  4.9
Dodging        | 3 |  3.6
Unarmed Combat | 4 |  4.1

Action                     |  1- 3 |  4- 6 || total
---------------------------+-------+-------++-------
  Melee: Unarmed           |    57 |       ||    57
         Constrict         |    17 |    20 ||    37
         Tentacles         |    13 |     9 ||    22
         Punch             |     2 |     1 ||     3
         Spear             |    10 |   130 ||   140
    Use: Scroll            |       |     5 ||     5
   Stab: Sleeping          |     2 |    11 ||    13
         Distracted        |       |     1 ||     1
 Armour: Skin              |    35 |    43 ||    78
  Dodge: Dodged            |    29 |    63 ||    92
